Map: Cactus Valley LE (Void)

Players

Zelos - Winner!

  • Race: Terran Terran
  • League: Grandmaster
  • Spawn Location: 5:00

Railgan

  • Race: Zerg Zerg
  • League: Grandmaster
  • Spawn Location: 7:00

VOD

Have the link to the VOD?

Description

Time

  • Played on: March 24, 2017, 7:45 p.m.
  • Length: 14:15
Show
View Real Time Build Order
Export as new Build Order

Zelos Terran - Winner!

Build Orders: MMM Bio 

Get SALT Encoding   

  12  0:00  SCV  
  13  0:13  SCV  
  14  0:19  Supply Depot  
  14  0:25  SCV  
  15  0:36  Refinery  
  15  0:40  SCV  
  16  0:44  Barracks  
  16  0:52  SCV  
  17  1:02  Barracks  
  17  1:05  SCV  
  18  1:19  SCV  
  19  1:32  Reaper  
  20  1:35  Supply Depot  
  20  1:36  Orbital Command  
  20  1:51  Reaper  
  21  2:01  SCV  
  22  2:11  Command Center  
  22  2:15  Reaper  
  23  2:18  SCV  
  23  2:22  Refinery  
  24  2:24  Barracks Reactor  
  24  2:33  SCV  
  25  2:45  SCV  
  26  2:56  Barracks Tech Lab  
  26  2:57  SCV  
  27  3:03  Marine x2, Factory  
  29  3:09  SCV  
  30  3:19  Marine  
  31  3:20  Stimpack  
  31  3:23  Marine, SCV, Orbital Command  
  33  3:35  Marine  
  33  3:37  Marine  
  34  3:50  Marine  
  34  3:52  Hellion  
  34  3:53  Marine, SCV x2  
  34  3:54  Starport  
  38  4:01  Supply Depot  
  38  4:02  Marine  
  38  4:07  SCV x2  
  41  4:19  Marine x2, Hellion  
  45  4:25  Supply Depot  
  45  4:26  Armory, SCV  
  45  4:28  SCV  
  47  4:32  Medivac  
  49  4:42  Hellion  
  49  4:43  Marine  
  49  4:44  Marine x2  
  54  4:48  Supply Depot  
  54  4:51  SCV x2  
  56  5:03  SCV  
  56  5:04  SCV  
  56  5:05  Marine x2  
  56  5:06  Marine  
  61  5:10  Supply Depot  
  61  5:14  Supply Depot  
  61  5:15  SCV  
  61  5:16  Medivac, SCV  
  61  5:18  Hellion  
  61  5:21  Combat Shields  
  67  5:26  Marine x3  
  70  5:31  SCV  
  70  5:32  SCV  
  72  5:44  SCV x2  
  62  5:56  Marine  
  62  5:57  Marine x2, Medivac  
  54  5:58  Hellion, SCV  
  59  6:04  SCV  
  59  6:06  Barracks  
  59  6:07  Command Center  
  59  6:08  Barracks  
  59  6:10  SCV  
  61  6:13  Refinery x2  
  61  6:21  Engineering Bay, Marine x2  
  61  6:22  Marine  
  61  6:25  Engineering Bay  
  66  6:26  Hellion  
  66  6:31  Starport Reactor  
  66  6:32  SCV x2  
  68  6:41  Supply Depot  
  68  6:43  Supply Depot  
  68  6:44  SCV x2  
  70  6:49  Terran Infantry Armor Level 1  
  70  6:52  Terran Infantry Weapons Level 1  
  70  6:56  SCV x2  
  70  6:58  Barracks Tech Lab  
  70  6:59  Barracks Reactor  
  72  7:02  Barracks, Factory Reactor  
  72  7:08  SCV  
  72  7:09  SCV  
  72  7:11  Marine  
  72  7:12  Marine  
  72  7:13  Marauder  
  78  7:17  Marine  
  78  7:19  Concussive Shells  
  78  7:20  Orbital Command  
  78  7:21  SCV x2  
  81  7:31  Marine x2  
  81  7:33  SCV  
  81  7:34  SCV  
  81  7:37  Marine x2, Barracks x2  
  85  7:40  Widow Mine x2  
  85  7:43  Liberator x2  
  91  7:45  SCV  
  91  7:46  SCV  
  93  7:57  Marine x4, SCV  
  93  7:58  Barracks Reactor  
  95  7:59  Marauder x2  
  95  8:03  Refinery  
  105  8:12  Refinery  
  105  8:15  Marine x2  
  105  8:16  Marine x2, Widow Mine  
  105  8:17  Widow Mine  
  105  8:19  Starport  
  113  8:25  Barracks Reactor, Barracks Tech Lab  
  113  8:28  Supply Depot  
  113  8:29  Fusion Core  
  113  8:32  Supply Depot  
  111  8:34  Marine x4  
  111  8:35  Marine x2  
  111  8:36  Liberator x2  
  117  8:42  Terran Infantry Armor Level 2  
  117  8:49  Marine x2, Marauder, SCV x3  
  130  9:16  Marine, Marauder  
  130  9:18  Marine x2  
  130  9:19  Marine x3, Liberator  
  120  9:24  Marine x3  
  120  9:26  Marine  
  125  9:34  Marine  
  125  9:36  Marine  
  119  9:39  Marine x4  
  119  9:44  SCV x3  
  125  9:46  Starport Tech Lab  
  119  9:58  Liberator x2  
  119  9:59  Marine x2  
  116  10:00  Marine x6  
  116  10:01  Marauder x2  
  116  10:02  Widow Mine x2, Marauder  
  116  10:04  Advanced Ballistics  
  133  10:10  Unknown  
  133  10:12  Supply Depot  
  133  10:13  Supply Depot x2  
  133  10:14  Terran Ship Weapons Level 1  
  133  10:17  Liberator  
  133  10:19  Marine x2  
  141  10:25  Terran Infantry Weapons Level 2  
  141  10:28  Supply Depot  
  141  10:29  Supply Depot  
  141  10:31  Marine x2  
  141  10:34  Marine x3  
  147  10:45  Command Center  
  141  10:50  Liberator x2  
  141  10:55  Marine x3, Marauder  
  143  10:57  Marine x6  
  143  10:58  Widow Mine x2  
  153  11:10  Sensor Tower  
  159  11:11  Marine  
  159  11:12  Marine  
  159  11:17  Terran Infantry Armor Level 3  
  161  11:18  Medivac, Starport  
  161  11:25  Marine x2  
  161  11:26  Marine x2  
  161  11:31  Marine  
  165  11:33  Marine x2  
  165  11:39  Liberator  
  165  11:42  Liberator x2  
  165  11:46  Liberator  
  165  11:56  Marine x5  
  176  12:11  Marine x2  
  176  12:12  Marauder  
  154  12:20  Marine x3  
  154  12:21  Marine x2, Marauder  
  154  12:31  Marine x3  
  154  12:32  Marine  
  158  12:39  Medivac  
  158  12:40  Marine  
  158  12:41  Marine x2  
  158  12:42  Medivac  
  163  12:45  Liberator  
  163  12:53  Marine  
  164  12:58  Liberator  
  164  13:00  Marine  
  164  13:01  Marine  
  164  13:02  Marine x2  
  163  13:15  Liberator  
  163  13:16  Marine  
  163  13:17  Marine, Marauder  
  164  13:33  Marine x3  
  164  13:34  Marine  
  164  13:35  Marine x3  
Show
View Real Time Build Order
Export as new Build Order

Railgan Zerg 

Build Orders: Pool First, Lurkers 

Get SALT Encoding   

  12  0:01  Drone  
  13  0:12  Overlord  
  13  0:17  Drone  
  14  0:30  Drone x2  
  14  0:34  Drone  
  17  0:46  Spawning Pool  
  17  0:48  Drone  
  17  0:55  Drone  
  18  1:11  Hatchery  
  18  1:12  Extractor  
  18  1:15  Drone  
  17  1:19  Drone  
  18  1:32  Queen  
  18  1:34  Zergling x2  
  21  1:43  Drone  
  22  1:49  Overlord  
  22  2:08  Drone, Queen  
  22  2:11  Drone  
  26  2:19  Metabolic Boost  
  26  2:22  Drone  
  27  2:23  Queen  
  27  2:27  Drone  
  30  2:33  Drone  
  31  2:38  Overlord  
  31  2:43  Drone x2  
  33  2:46  Zergling x2  
  33  2:47  Zergling x2  
  33  2:48  Zergling x2  
  36  2:58  Roach Warren  
  36  3:02  Queen  
  37  3:09  Zergling x6  
  40  3:17  Queen  
  42  3:20  Drone  
  42  3:22  Overlord  
  42  3:25  Drone  
  42  3:36  Overlord  
  41  3:43  Drone x2  
  41  3:44  Drone  
  43  3:50  Drone  
  43  3:54  Evolution Chamber, Drone  
  44  3:56  Drone  
  44  3:59  Drone  
  44  4:00  Lair  
  46  4:06  Drone  
  47  4:10  Drone  
  47  4:15  Drone  
  49  4:18  Drone  
  49  4:19  Drone  
  49  4:21  Drone  
  49  4:23  Zerg Ground Armor Level 1  
  51  4:25  Baneling Nest  
  51  4:26  Extractor x2, Drone  
  51  4:29  Overlord  
  49  4:33  Drone  
  49  4:36  Drone  
  51  4:42  Overlord  
  51  4:48  Drone x2  
  51  4:50  Drone  
  51  4:51  Drone  
  55  4:59  Zergling x2  
  53  5:00  Drone x3  
  53  5:03  Zergling x4  
  53  5:05  Hydralisk Den, Zergling x2  
  53  5:07  Extractor  
  57  5:09  Zergling x2  
  58  5:14  Zergling x2  
  59  5:21  Zergling x2  
  59  5:24  Baneling  
  59  5:25  Baneling x4  
  59  5:27  Zergling x8  
  64  5:35  Zergling x2  
  64  5:36  Zergling x4  
  64  5:40  Overlord  
  67  5:49  Zergling x2  
  60  5:53  Drone  
  60  5:55  Drone  
  59  5:58  Drone  
  59  6:00  Hydralisk x2  
  59  6:02  Drone  
  59  6:03  Muscular Augments  
  64  6:06  Hydralisk  
  64  6:09  Drone x2  
  68  6:12  Hydralisk, Evolution Chamber  
  68  6:17  Hydralisk x2  
  73  6:23  Hydralisk, Hatchery  
  74  6:29  Overlord  
  74  6:30  Zerg Ground Armor Level 2  
  74  6:37  Baneling x3  
  74  6:46  Zerg Missile Weapons Level 1  
  74  6:56  Hydralisk x2  
  74  6:59  Hydralisk  
  74  7:00  Drone  
  74  7:01  Drone  
  82  7:10  Overlord x2  
  82  7:11  Overlord x2  
  82  7:18  Drone x2, Overlord  
  82  7:19  Lurker Den  
  82  7:20  Overlord  
  84  7:29  Hydralisk  
  86  7:30  Hydralisk  
  88  7:37  Hydralisk x3  
  88  7:43  Hydralisk  
  96  7:45  Hydralisk, Overlord  
  98  7:53  Hydralisk  
  100  8:01  Drone x2  
  100  8:02  Drone x4  
  106  8:12  Hydralisk x5  
  106  8:13  Overlord  
  106  8:17  Extractor  
  106  8:18  Extractor  
  114  8:20  Drone  
  114  8:21  Drone x3  
  116  8:34  Overseer  
  116  8:39  Hatchery  
  116  8:40  Hydralisk x3  
  121  8:47  Drone  
  121  8:48  Drone x3, Zerg Missile Weapons Level 2  
  124  8:53  Hydralisk  
  127  8:56  Hydralisk  
  127  8:58  Hydralisk  
  131  9:06  Hydralisk x3  
  134  9:18  Hydralisk  
  134  9:19  Hydralisk x2  
  134  9:21  Hydralisk  
  130  9:25  Hydralisk  
  132  9:36  Hydralisk x3  
  132  9:38  Zergling x12  
  138  9:43  Hydralisk, Overlord  
  138  9:44  Overseer  
  140  9:52  Hydralisk  
  138  9:56  Hydralisk  
  138  9:58  Zergling x2  
  127  10:02  Lurker  
  127  10:03  Lurker x2, Queen x2  
  127  10:04  Queen  
  127  10:06  Drone x4  
  140  10:13  Hydralisk x3  
  146  10:21  Drone  
  146  10:24  Drone x2  
  144  10:29  Hydralisk x3  
  144  10:30  Infestation Pit  
  149  10:42  Hydralisk  
  140  10:50  Hydralisk  
  140  10:51  Hydralisk x6  
  148  11:03  Hydralisk x4  
  156  11:10  Zerg Melee Weapons Level 1  
  157  11:11  Zergling x8  
  157  11:17  Overlord x2  
  158  11:19  Extractor x2  
  158  11:20  Overlord  
  156  11:26  Overlord  
  156  11:27  Drone  
  156  11:28  Drone  
  156  11:29  Overlord x2  
  156  11:30  Hydralisk  
  160  11:38  Hydralisk x8  
  160  11:39  Zergling x2  
  177  11:41  Drone  
  178  11:48  Drone x6  
  178  11:50  Drone  
  185  11:56  Roach Warren  
  184  12:05  Hydralisk  
  179  12:14  Hydralisk x5  
  157  12:16  Hydralisk x2  
  157  12:18  Hydralisk x2  
  157  12:19  Hydralisk  
  155  12:32  Hatchery  
  146  12:48  Zergling x2  
  147  12:53  Hive  
  147  12:54  Pneumatized Carapace  
  147  12:58  Drone x4  
  146  12:59  Hydralisk  
  146  13:02  Hydralisk  
  146  13:03  Hydralisk x7  
  152  13:08  Hydralisk  
  140  13:26  Lurker  
  139  13:28  Hydralisk x2  
  139  13:29  Hydralisk x6  
  140  13:38  Hydralisk  
  127  13:41  Lurker  
  127  13:43  Lurker  
  127  13:46  Hydralisk  
  127  13:48  Hydralisk x3  
Tags
 
Add a new tag
Caveats
  • Supply blocks, unpowered buildings, or Contaminate may cause inaccurate times.
  • Supply counts are checked every 10 seconds.